 Dungeon Crawl Stone Soup version 0.32-a0-411-g744942f433 (webtiles) character file.

Game seed: 17304053003306908410

30 ezpacito the Trooper (level 3, -2/43 HPs)
             Began as a Demonspawn Chaos Knight on Feb 20, 2024.
             Was a Plaything of Xom.
             Slain by a red devil
             ... wielding a +0 trident
             ... summoned by Xom
              (10 damage)
             ... on level 1 of the Dungeon.
             The game lasted 00:01:51 (615 turns).

ezpacito the Trooper (Demonspawn Chaos Knight)       Turns: 615, Time: 00:01:51

Health: -2/43      AC: 21    Str: 14    XL:     3   Next: 3%
Magic:  3/3        EV:  2    Int: 12    God:    Xom [...*..]
Gold:   36         SH:  0    Dex: 12    Spells: 2/2 levels left

rFire   . . .        a - +0 hand axe (chaos)
rCold   . . .        (no shield)
rNeg    . . .        b - melded +2 leather armour
rPois   +            (helmet currently unavailable)
rElec   .            d - melded +0 cloak
rCorr   .            h - melded +0 pair of gloves
SInv    .            (boots currently unavailable)
Will    .....        (no amulet)
Stlth   +            (no ring)
HPRegen 0.27/turn    (no ring)
MPRegen 0.08/turn

%: no passive effects
@: tree-form, spiked
A: stationary, stasis, torment immunity, boosted hp, (antennae 1), demonic magic
1
a: Renounce Religion


You were on level 1 of the Dungeon.
You worshipped Xom.
You were a favourite toy of Xom.
You were a tree.
You visited 1 branch of the dungeon, and saw 1 of its levels.

You collected 36 gold pieces.

Inventory:

Hand Weapons
 a - a +0 hand axe of chaos (weapon)
Armour
 b - a +2 leather armour (melded)
 d - a +0 cloak (melded)
 h - a +0 pair of gloves (melded)
Magical Staves
 f - a staff of cold


   Skills:
 + Level 3.2 Fighting
 * Level 3.1 Axes
 * Level 1.9 Armour
 * Level 1.1 Dodging
 * Level 0.5 Stealth
 * Level 0.2 Unarmed Combat
 * Level 0.2 Spellcasting
 * Level 0.6 Evocations


You had 2 spell levels left.
You didn't know any spells.
Your spell library contained the following spells:

 Spells                   Type           Power      Damage    Failure   Level
 Ozocubu's Armour         Ice            0%         N/A       67%         3
 Metabolic Englaciation   Hex/Ice        0%         N/A       100%        5
 Sculpt Simulacrum        Ice/Alch       0%         N/A       100%        6


Dungeon Overview and Level Annotations

Branches:
Dungeon (1/15)

Altars:


Innate Abilities, Weirdness & Mutations

You are a tree.
Your roots penetrate the ground, keeping you stationary.
You cannot be teleported.
You are immune to unholy pain and torment.
Your maximum health is greatly increased.
Your equipment is partially melded.
((You have a pair of small antennae on your head.))
Spells you cast may paralyse adjacent enemies.


Message History

The red devil hits you from afar with a +0 trident!
Barbed spikes become lodged in your body.
You aren't carrying any items that you can evoke.
You don't know any spells.
As you read the scroll of butterflies, it crumbles to dust.
You hear the flapping of tiny wings.
The red devil is knocked back by the sudden gust.
As you read the scroll labelled SABLAE GATEENG, it crumbles to dust.
You feel aware of your surroundings.
It was a scroll of revelation.
As you read the scroll labelled MOESTROUT GOME, it crumbles to dust.
It is a scroll of amnesia.
You feel forgetful for a moment.
The red devil hits your butterfly with a +0 trident.
Your butterfly dies!
Your butterfly disappears in a burst of colours!
As you read the scroll labelled ZUIGHIABRE, it crumbles to dust.
You feel a surge of unholy energy.
It was a scroll of torment.
You aren't carrying any potions.
There are no items here.
The red devil hits your butterfly with a +0 trident.
Your butterfly dies!
Your butterfly disappears in a burst of colours!
The red devil barely misses you.
The red devil hits you from afar with a +0 trident.
Barbed spikes become lodged in your body.
The red devil hits you but does no damage.
The red devil hits you but does no damage.
The red devil hits you but does no damage.
The red devil hits you from afar with a +0 trident.
Barbed spikes become lodged in your body.
Okay, then.
The red devil hits you from afar with a +0 trident.
Barbed spikes become lodged in your body.
The red devil hits you from afar with a +0 trident.
* * * LOW HITPOINT WARNING * * *
Barbed spikes become lodged in your body.
You aren't carrying any potions.
The red devil hits you from afar with a +0 trident!
You die...
Xom yawns loudly!

.##............#.###..####
.##.###.##.##..#........#
.'....#....##..#.######.#
.########..##.bb......#.#
## #..##bbb.####.#.#
######bb#####.#.#
#....bb.b####.#.#
#.####b.b####.#.#
#.####bb♣b4...#.# ♣♣
#.####.bbb#####.#
.♣♣♣♣♣♣♣#.####.bbbb####.*
....♣♣.♣#.#############.*
.♣♣♣..♣...............#.*
♣♣ ♣♣♣♣♣#############.#.*
############.#.*
############.#.* *,*,*


You could see a red devil (summoned, ally target).

Vanquished Creatures
  3 bats (D:1)
  2 endoplasms (D:1)
  4 goblins (D:1)
  A hobgoblin (D:1)
  A quokka (D:1)
  A ball python (D:1)
  A frilled lizard (D:1)
  4 rats (D:1)
17 creatures vanquished.

Notes
Turn   | Place    | Note
-------+----------+-------------------------------------------
     0 | D:1      | ezpacito the Demonspawn Chaos Knight began the quest for
                  | the Orb.
     0 | D:1      | Reached XP level 1. HP: 18/18 MP: 1/1
    87 | D:1      | XOM: silly message
   118 | D:1      | Reached skill level 1 in Dodging
   309 | D:1      | Gained mutation: Spells you cast may paralyse adjacent
                  | enemies. [demonic ancestry]
   309 | D:1      | Reached XP level 2. HP: 24/24 MP: 2/2
   514 | D:1      | Gained mutation: You have a pair of small antennae on your
                  | head. [demonic ancestry]
   514 | D:1      | Reached XP level 3. HP: 29/29 MP: 3/3
   597 | D:1      | XOM: summons 2 hostile demons
   598 | D:1      | Noticed a red devil
   615 | D:1      | Slain by a red devil

Illustrated notes

Levels and vault maps discovered:
D:1:      roderic_dead_forest, layout_basic, glass_columns_a, nicolae_the_louvre

Skill      XL: |  1  2 |
---------------+-------+-----
Dodging        | 1 |  1.1
Axes           | 3 |  3.1
Fighting       | |  3.2
Armour         | |  1.9
Stealth        | |  0.5
Unarmed Combat | |  0.2
Spellcasting   | |  0.2
Evocations     | |  0.6

Action                     || total
---------------------------++-------
  Melee: Hand axe          ||    36
    Use: Scroll            ||     4
         Potion            ||     1
 Armour: Leather armour    ||    20
         Skin              ||     9
  Dodge: Dodged            ||    22

Table legend: (Time is in decaauts)
 A = Elapsed time spent in this place.
 B = Non-inter-level travel time spent in this place.
 C = Inter-level travel time spent in this place.
 D = Time resting spent in this place.
 E = Time spent auto-exploring this place.
 F = Levels seen in this place.
 G = Mean time per level.
                   A        B        C        D        E       F      G
               +--------+--------+--------+--------+--------+-----+--------+
         Total |    620 |    593 |     27 |      0 |    456 |   1 |  620.0 |
       Dungeon |    620 |    593 |     27 |      0 |    456 |   1 |  620.0 |
               +--------+--------+--------+--------+--------+-----+--------+

Top non-repeatable levels by time:
     D:1: 620 daAuts
